 Dungeon Crawl Stone Soup version 0.14-a0-2443-g5aee772 (webtiles) character file.

53 4tharraofdagon the Firebug (level 3, 0/27 HPs)
             Began as a Djinni Fire Elementalist on Feb 6, 2014.
             Slain by an inept staircase mimic (2 damage)
             ... while paralysed by a potion of paralysis
             ... on Level 2 of the Dungeon.
             The game lasted 00:02:02 (384 turns).

4tharraofdagon the Firebug (DjFE)                    Turns: 384, Time: 00:02:02

HP   0/27        AC  4     Str 13      XL: 3   Next: 16%
MP   0/0         EV  2     Int 16      God:
Gold 18          SH  0     Dex 13      Spells:  2 memorised,  3 levels left

rFire  + + +     SeeInvis +     (no weapon)
rCold  x . .     Clarity  .     l - +0 leather armour (curse)
rNeg   + + +     Conserve .     (no shield)
rPois  .         rCorr    .     (no helmet)
rElec  .         rRot     .     g - +0 cloak
SustAb . .       Spirit   .     (no gloves)
rMut   .         Warding  .     (boots unavailable)
Saprov . . .     Stasis   .     (no amulet)
MR     .....                    (no ring)
                                h - ring of see invisible

@: paralysed, mighty, flying, held, not resistant to hostile enchantments,
unstealthy
A: fire immunity, cold vulnerability, life protection 3
a: no special abilities


You were on level 2 of the Dungeon.
You were not hungry.

You visited 1 branch of the dungeon, and saw 3 of its levels.

You collected 18 gold pieces.

Inventory:

Missiles
 j - 24 darts (quivered)
Armour
 a - a +0 robe
 g - a +0 cloak (worn)
 l - a cursed +0 leather armour (worn)
Scrolls
 e - a scroll of enchant weapon II {unknown}
Jewellery
 h - a ring of see invisible (left hand)
Potions
 f - a potion of heal wounds {unknown}
 i - a potion of lignification {unknown}
 k - a potion of poison {unknown}
Books
 b - a book of Flames

   Spells                             Type                      Level
   *Flame Tongue                      Conjuration/Fire             1
   Throw Flame                        Conjuration/Fire             2
   *Conjure Flame                     Conjuration/Fire             3
   Inner Flame                        Hexes/Fire                   3
   Sticky Flame                       Conjuration/Fire             4
   Fireball                           Conjuration/Fire             5


   Skills:
 - Level 1.7 Dodging
 - Level 1.5 Stealth
 + Level 2.7 Spellcasting
 * Level 2.2 Conjurations
 * Level 4.9 Fire Magic


You had 3 spell levels left.
You knew the following spells:

 Your Spells              Type           Power        Failure   Level  Hunger
a - Flame Tongue          Conj/Fire      ##...        6%          1    #......
b - Conjure Flame         Conj/Fire      ##......     14%         3    ###....


Dungeon Overview and Level Annotations

Branches:
Dungeon (3/16)

Altars:

Annotations:
D:2 Sigmund


Innate Abilities, Weirdness & Mutations

You are immune to all types of fire, even holy and hellish.
You are vulnerable to cold.
You need no food.
You have no legs.
You are immune to negative energy.


Message History

Unknown command.
You escape the inept staircase mimic's grasp.
Unknown command.
Drink which item? (? for menu, Esc to quit)
You feel very mighty all of a sudden.
It was a potion of might.
The inept staircase mimic hits you but does no damage.
The inept staircase mimic closely misses you.
Unknown command.
You hit the inept staircase mimic.
The inept staircase mimic is lightly damaged.
The inept staircase mimic hits you.
* * * LOW HITPOINT WARNING * * *
The inept staircase mimic grabs you.
Unknown command.
Unknown command.
Drink which item? (? for menu, Esc to quit)
You suddenly lose the ability to move!
It was a potion of paralysis.
The inept staircase mimic hits you.
You die...

###### #....#######
### #....##....# #..
+..........#### #.#
#.....@......... #.#
#.....#.#######
##.###.....#.#
#......>...#.#
#......@...#.#
#.......##.#@#
##'#######+#.#####
#...@...........#
#...............#
#...............#
#...............#
#...%...........#
####............####


You could see Sigmund (invisible) and an inept staircase mimic.

Vanquished Creatures
  2 adders
  A worm (D:2)
  2 bats
  A hobgoblin (D:3)
  4 giant newts
  A goblin (D:1)
  A rat (D:2)
12 creatures vanquished.

Notes
Turn   | Place    | Note
--------------------------------------------------------------
     0 | D:1      | 4tharraofdagon, the Djinni Fire Elementalist, began the quest for the Orb.
     0 | D:1      | Reached XP level 1. HP: 14/14 MP: 0/0
   120 | D:2      | Reached XP level 2. EP: 4/22
   277 | D:2      | Reached XP level 3. EP: 2/27
   282 | D:2      | Learned a level 3 spell: Conjure Flame
   352 | D:2      | Noticed Sigmund
   383 | D:2      | HP: 1/27 [inept staircase mimic (2)]
   384 | D:2      | Paralysed by a potion of paralysis for 7 turns
   384 | D:2      | Slain by an inept staircase mimic

Action                   || total
-------------------------++-------
Melee: Unarmed           ||     8
 Cast: Flame Tongue      ||    30
  Use: Potion            ||     2
